 Dungeon Crawl Stone Soup version bcrawl-1.19.1 (webtiles) character file.

Game seed: 4395771820596598360

2710 Redear the Slasher (level 9, 0/62 HPs)
             Began as an Octopode Fighter on Dec 7, 2019.
             Slain by a centaur (2 damage)
             ... on level 7 of the Dungeon.
             The game lasted 00:12:06 (9652 turns).

Redear the Slasher (Octopode Fighter)               Turns: 9652, Time: 00:12:07

Health: 0/62       AC:  1    Str: 15    XL:     9   Next: 66%
Magic:  9/9        EV: 15    Int:  9    God:
Gold:   465        SH: 12    Dex: 16    Spells: 8/8 levels left

rFire    . . .     SeeInvis .   a - +0 long sword
rCold    + . .     Gourm    .   b - +0 shield
rNeg     . . .     Faith    .   (helmet restricted)
rPois    .         Spirit   .   (cloak restricted)
rElec    .         Reflect  .   (no amulet)
rCorr    .         Harm     .   s - ring of protection from cold
MR       .....     Clarity  +   u - +2 ring of dexterity
Stlth    ++++......             (no ring)
HPRegen  0.20/turn              (no ring)
MPRegen  0.11/turn              (no ring)
                                (no ring)
                                (no ring)
                                (no ring)

@: no status effects
A: almost no armour, stealthy swim, amphibious, 8 rings, constrict 8, camouflage
1, clarity, dopey 1, gelatinous body 1
a: no special abilities


You were on level 7 of the Dungeon.
You were not hungry.

You visited 2 branches of the dungeon, and saw 8 of its levels.

You collected 465 gold pieces.

Inventory:

Hand Weapons
 a - a +0 long sword (weapon)
 x - a +2 whip of flaming
Missiles
 h - 731 arrows
 p - 21 curare-tipped needles
Armour
 b - a +0 shield (worn)
Jewellery
 r - an uncursed ring of ice
 s - a ring of protection from cold (left tentacle)
 u - a +2 ring of dexterity (right tentacle)
Wands
 e - a wand of clouds (5)
 t - a wand of disintegration (15)
Scrolls
 f - 7 scrolls of remove curse
 g - 4 scrolls of magic mapping
 i - a scroll of amnesia {unknown}
 j - a scroll of fear
 k - 2 scrolls of teleportation
 m - 2 scrolls of immolation
 q - 2 scrolls of enchant armour
 v - a scroll of noise
 w - a scroll of acquirement {unknown}
Potions
 c - a potion of might
 n - a potion of lignification
Comestibles
 d - 5 rations {!d}


   Skills:
 + Level 6.1 Fighting
 + Level 7.9 Long Blades
 + Level 6.3 Dodging
 + Level 6.1 Stealth
 + Level 6.0 Shields
 + Level 1.0 Evocations


You had 8 spell levels left.
You didn't know any spells.
Your spell library was empty.

Dungeon Overview and Level Annotations

Branches:
Dungeon (7/12)             Temple (1/1) D:5
   Lair: D:7-9

Altars:
Ashenzari
Cheibriados
Dithmenos
Elyvilon
Fedhas
Gozag
Hepliaklqana
Kikubaaqudgha
Makhleb
Nemelex Xobeh
Okawaru
Qazlal
Ru
Sif Muna
Trog
Uskayaw
Vehumet
Wu Jian
Yredelemnul
Zin
The Shining One

Annotations:
D:7 Joseph


Innate Abilities, Weirdness & Mutations

You cannot wear most types of armour.
You are very stealthy in the water. (Stealth+)
You are amphibious.
You can wear up to eight rings at the same time.
You can use your tentacles to constrict eight enemies at once.
Your skin changes colour to match your surroundings (Stealth+).
Your rubbery body absorbs attacks. (AC +1, EV +1)
You possess an exceptional clarity of mind.
You are dopey. (Int -2)


Message History

You block the gnoll's attack.
You hit the centaur but do no damage.
You squeeze the centaur, but do no damage.
You block the centaur's attack. The centaur misses you.
You closely miss the centaur. You squeeze the centaur.
The centaur is lightly wounded.
The gnoll misses you. You block the centaur's attack.
You slash the centaur!
The centaur is heavily wounded.
The centaur misses you. The gnoll barely misses you.
You block the centaur's attack.
You hit the centaur but do no damage.
The centaur is heavily wounded.
You block the centaur's attack. You block the gnoll's attack.
You hit the centaur.
The centaur is heavily wounded.
The centaur hits you.
* * * LOW HITPOINT WARNING * * *
You block the gnoll's attack. The centaur hits you.
You die...

##.###.###..........#
.....................#
###..##.###..........#
##. #.# #..........#
#..#.# #.........(#
.....###..........#
#........5.g.....#
#......#####c#####
#......# ##@# #......#
#†## #......# #.#
##.....# #.# #.....#
#.# #.....# #.#
##..... ..# #.# #..


You could see a centaur and a gnoll.

Vanquished Creatures
  Pikel (D:6)
  A hippogriff (D:6)
  Eustachio (D:4)
  A hungry ghost (D:6)
  A crocodile (D:7)
  An ice beast (D:7)
  3 sky beasts
  3 slaves
  An ogre (D:4)
  2 centaurs (D:7)
  2 scorpions
  2 crimson imps
  2 jellies (D:7)
  A bullfrog skeleton (D:6)
  7 hounds
  A centaur skeleton (D:6)
  4 orc priests
  An iguana (D:6)
  Natasha (thrice) (D:3)
  3 orc wizards
  2 worker ants (D:4)
  A hound zombie (D:7)
  6 gnolls
  6 adders
  A shadow imp (D:5)
  2 worms
  A dart slug (D:3)
  7 leopard geckos
  25 orcs
  A giant cockroach (D:1)
  A goblin (D:1)
  13 hobgoblins
  8 jackals
  A quokka (D:4)
  A ball python (D:3)
  3 bats
  3 frilled lizards (D:2)
  A jackal skeleton (D:4)
  6 kobolds
  13 rats
143 creatures vanquished.

Vanquished Creatures (others)
  An orc wizard (D:5)
1 creature vanquished.

Grand Total: 144 creatures vanquished

Notes
Turn   | Place    | Note
-------+----------+-------------------------------------------
     0 | D:1      | Redear the Octopode Fighter began the quest for the Orb.
     0 | D:1      | Reached XP level 1. HP: 16/16 MP: 1/1
   179 | D:1      | Reached XP level 2. HP: 21/21 MP: 2/2
   768 | D:1      | Reached XP level 3. HP: 26/26 MP: 3/3
   777 | D:1      | Reached skill level 1 in Stealth
  1396 | D:2      | Found a faded altar of an unknown god.
  1592 | D:3      | Noticed Natasha
  1597 | D:3      | Killed Natasha
  1597 | D:3      | Reached XP level 4. HP: 24/31 MP: 4/4
  1689 | D:3      | Noticed Natasha
  1707 | D:3      | Killed Natasha
  2121 | D:3      | Reached skill level 3 in Long Blades
  2121 | D:3      | Reached XP level 5. HP: 19/36 MP: 5/5
  2695 | D:3      | Noticed Natasha
  2705 | D:3      | Killed Natasha
  2804 | D:3      | Reached XP level 6. HP: 32/42 MP: 6/6
  3217 | D:4      | Noticed a sky beast
  3245 | D:4      | HP: 2/42 [hound (4)]
  3259 | D:4      | Killed a sky beast
  3259 | D:4      | Reached skill level 4 in Long Blades
  3767 | D:4      | Noticed Eustachio
  3779 | D:4      | HP: 2/43 [shadow imp[Eustachio] (5)]
  3780 | D:4      | Killed Eustachio
  3780 | D:4      | Reached XP level 7. HP: 2/48 MP: 7/7
  4922 | D:5      | Entered Level 5 of the Dungeon
  4930 | D:5      | Reached skill level 5 in Long Blades
  4935 | D:5      | Reached skill level 5 in Stealth
  5120 | D:5      | Found a staircase to the Ecumenical Temple.
  5402 | D:5      | Reached XP level 8. HP: 28/54 MP: 8/8
  5409 | D:5      | Gained mutation: You are dopey. (Int -2) [potion of
                  | mutation]
  5409 | D:5      | Gained mutation: You possess an exceptional clarity of
                  | mind. [potion of mutation]
  5440 | D:5      | HP: 1/54 [orc/+0 short sword (6)]
  6059 | D:5      | Found a burning altar of Makhleb.
  6454 | Temple   | Entered the Ecumenical Temple
  7153 | D:6      | Found a shimmering blue altar of Sif Muna.
  7202 | D:6      | Reached skill level 5 in Dodging
  7202 | D:6      | Reached skill level 5 in Shields
  7478 | D:6      | Reached skill level 6 in Long Blades
  7564 | D:6      | Noticed Pikel
  7696 | D:6      | Noticed a hippogriff
  8162 | D:6      | Reached skill level 5 in Fighting
  8187 | D:6      | Killed a hippogriff
  8738 | D:6      | Killed Pikel
  8738 | D:6      | Reached skill level 7 in Long Blades
  8738 | D:6      | Reached skill level 1 in Evocations
  8738 | D:6      | Reached XP level 9. HP: 27/62 MP: 9/9
  9432 | D:7      | Noticed Joseph
  9644 | D:7      | HP: 3/62 [centaur/arrow (14)]
  9652 | D:7      | HP: 2/62 [centaur (4)]
  9652 | D:7      | Slain by a centaur

Skill      XL: |  1  2  3  4  5  6  7  8  9 |
---------------+----------------------------+-----
Stealth        | 2 3 4 5 6 |  6.1
Long Blades    | 3 4 5 7 |  7.9
Shields        | 4 5 6 |  6.0
Fighting       | 4 5 6 |  6.1
Dodging        | 4 5 6 |  6.3
Evocations     | 1 |  1.0

Action                   |  1- 3 |  4- 6 |  7- 9 || total
-------------------------+-------+-------+-------++-------
Melee: Long sword        |    55 |   101 |   310 ||   466
       Constrict         |    17 |    29 |    41 ||    87
       Tentacles         |    11 |    20 |    75 ||   106
Evoke: Wand              |       |       |     3 ||     3
  Use: Potion            |       |     5 |    10 ||    15
       Scroll            |       |       |     7 ||     7
 Stab: Sleeping          |    12 |     5 |     7 ||    24
  Eat: Chunk             |     1 |     5 |     9 ||    15
       Ration            |       |     1 |     4 ||     5
Armor: Skin              |     1 |     3 |    14 ||    18
Dodge: Dodged            |    13 |    52 |   154 ||   219
Block: Shield            |    16 |    67 |   164 ||   247
